WLB
MIAMI MARLINS @ LOS ANGELES DODGERS
05/01/2024
 
TOP OF THE 1ST
Miami Marlins batting - Pitching for Los Angeles Dodgers : RHP Jose Berrios
Pitching: RHP Jose Berrios
Batting: LHB Andres Gimenez 0-0: Ground out 2-3 (Groundball, 2R, EV 66.3 MPH)
Batting: RHB Ty France 0-0: Fly out, F9 (Flyball, 9LSF, EV 82.5 MPH)
Batting: LHB Seth Brown 0-0: Called Strike
0-1: Ground out U3 (Groundball, 3S, EV 82.5 MPH)
Top of the 1st over - 0 runs, 0 hits, 0 errors, 0 left on base; Miami 0 - Los Angeles 0
BOTTOM OF THE 1ST
Los Angeles Dodgers batting - Pitching for Miami Marlins : RHP Griffin Canning
Pitching: RHP Griffin Canning
Batting: RHB Trea Turner 0-0: Reached on error, E6 (Groundball, 56, EV 78.1 MPH)
Batting: LHB Alex Verdugo 0-0: Called Strike
0-1: Swinging Strike
0-2: Fielders Choice at 2nd, 6-4 (Groundball, 56, EV 104.4 MPH)
Batting: LHB Anthony Rizzo 0-0: Ball
1-0: Swinging Strike
1-1: Swinging Strike
1-2: Foul Ball, location: 2F
1-2: Fly out, F8 (Flyball, 8RXD, EV 107.5 MPH)
Batting: RHB Marcell Ozuna 0-0: Ball
1-0: Called Strike
Alex Verdugo steals 2nd base
1-1: Ball
2-1: Called Strike
2-2: Fly out, F8 (Flyball, 8LXD, EV 91.9 MPH)
Bottom of the 1st over - 0 runs, 0 hits, 1 error, 1 left on base; Miami 0 - Los Angeles 0
TOP OF THE 2ND
Miami Marlins batting - Pitching for Los Angeles Dodgers : RHP Jose Berrios
Batting: RHB Byron Buxton 0-0: Ball
1-0: Ball
2-0: Fly out, F8 (Flyball, 8RM, EV 85.0 MPH)
Batting: RHB Mark Canha 0-0: Fly out, F9 (Flyball, 89S, EV 74.4 MPH)
Batting: RHB Christian Arroyo 0-0: Ball
1-0: Hit by Pitch
Batting: RHB Evan Longoria 0-0: Fly out, F7 (Flyball, 78M, EV 91.3 MPH)
Top of the 2nd over - 0 runs, 0 hits, 0 errors, 1 left on base; Miami 0 - Los Angeles 0
BOTTOM OF THE 2ND
Los Angeles Dodgers batting - Pitching for Miami Marlins : RHP Griffin Canning
Batting: LHB Brandon Nimmo 0-0: Ball
1-0: Ball
2-0: SOLO HOME RUN (Flyball, 9D, EV 97.5 MPH), Distance : 380 ft
Batting: RHB Ryan Jeffers 0-0: Ball
1-0: Foul Ball, location: 2F
1-1: Fly out, F7 (Line Drive, 7, EV 92.5 MPH)
Batting: RHB Ramon Urias 0-0: Ball
1-0: SINGLE (Line Drive, 8RS, EV 107.5 MPH)
Batting: SHB Luis Rengifo 0-0: Fly out, F8 (Line Drive, 8LD, EV 89.4 MPH)
Batting: RHB Nick Ahmed 0-0: Called Strike
0-1: Ball
1-1: DOUBLE (Line Drive, 7LS, EV 103.1 MPH)
Ramon Urias to third
Runner from 3rd tries for Home, SAFE, throw by LF to home
Batting: RHB Trea Turner 0-0: Called Strike
0-1: Foul Ball, location: 2F
0-2: Ball
1-2: Ball
2-2: Foul Ball, location: 5F
2-2: Foul Ball, location: 2F
2-2: Strikes out swinging
Bottom of the 2nd over - 2 runs, 3 hits, 0 errors, 1 left on base; Miami 0 - Los Angeles 2
TOP OF THE 3RD
Miami Marlins batting - Pitching for Los Angeles Dodgers : RHP Jose Berrios
Batting: RHB Salvador Perez 0-0: DOUBLE (Flyball, 8LXD, EV 104.4 MPH)
Batting: RHB Jorge Mateo 0-0: Ball
1-0: Foul Ball, location: 2F
1-1: DOUBLE (Flyball, 8LXD, EV 111.3 MPH)
Salvador Perez scores
Batting: LHB Andres Gimenez 0-0: Called Strike
0-1: Swinging Strike
0-2: Ball
1-2: DOUBLE (Line Drive, 89M, EV 91.9 MPH)
Jorge Mateo scores
Batting: RHB Ty France 0-0: Ball
1-0: Foul Ball, location: 7LSF
1-1: Ball
2-1: Called Strike
2-2: Fly out, F3 (Popup, 34, EV 83.1 MPH)
Batting: LHB Seth Brown 0-0: Called Strike
0-1: Fly out, F6 (Popup, 6MS, EV 69.4 MPH)
Batting: RHB Byron Buxton 0-0: Ball
1-0: Swinging Strike
1-1: Foul Ball, location: 23FF
1-2: Foul Ball, location: 2F
1-2: Ball
2-2: Ball
3-2: Strikes out swinging
Top of the 3rd over - 2 runs, 3 hits, 0 errors, 1 left on base; Miami 2 - Los Angeles 2
BOTTOM OF THE 3RD
Los Angeles Dodgers batting - Pitching for Miami Marlins : RHP Griffin Canning
Batting: LHB Alex Verdugo 0-0: Ball
1-0: Called Strike
1-1: Foul Ball, location: 3FF
1-2: Foul Ball, location: 3F
1-2: Ball
2-2: Ball
3-2: Ground out 1-3 (Groundball, 15S, EV 66.3 MPH)
Batting: LHB Anthony Rizzo 0-0: SOLO HOME RUN (Flyball, 7D, EV 94.4 MPH), Distance : 377 ft
Batting: RHB Marcell Ozuna 0-0: Called Strike
0-1: Ball
1-1: Foul Ball, location: 2F
1-2: Strikes out looking
Batting: LHB Brandon Nimmo 0-0: Ball
1-0: Foul Ball, location: 2F
1-1: Swinging Strike
1-2: Ball
2-2: Foul Ball, location: 2F
2-2: Foul Ball, location: 23F
2-2: Ground out 5-3 (Groundball, 56, EV 79.4 MPH)
Bottom of the 3rd over - 1 run, 1 hit, 0 errors, 0 left on base; Miami 2 - Los Angeles 3
TOP OF THE 4TH
Miami Marlins batting - Pitching for Los Angeles Dodgers : RHP Jose Berrios
Batting: RHB Mark Canha 0-0: Ball
1-0: Ball
2-0: Foul Ball, location: 9LDF
2-1: Called Strike
2-2: Foul Ball, location: 3F
2-2: Foul Ball, location: 5F
2-2: SINGLE (Line Drive, 8LS, EV 99.4 MPH)
Batting: RHB Christian Arroyo 0-0: Ball
1-0: Ball
2-0: Grounds into double play, 5-4-3 (Groundball, 56, EV 83.1 MPH)
Batting: RHB Evan Longoria 0-0: Called Strike
0-1: Foul Ball, location: 2RF
0-2: Strikes out swinging
Top of the 4th over - 0 runs, 1 hit, 0 errors, 0 left on base; Miami 2 - Los Angeles 3
BOTTOM OF THE 4TH
Los Angeles Dodgers batting - Pitching for Miami Marlins : RHP Griffin Canning
Batting: RHB Ryan Jeffers 0-0: Ball
1-0: Called Strike
1-1: Ball
2-1: SINGLE (Groundball, 6MD, EV 100.0 MPH)
Batting: RHB Ramon Urias 0-0: SINGLE (Groundball, 4MD, EV 94.4 MPH)
Ryan Jeffers to second
Runner from 2nd tries for 3rd, SAFE, throw by CF made to third
Batting: SHB Luis Rengifo 0-0: Ball
1-0: Called Strike
1-1: Swinging Strike
1-2: Strikes out looking
Batting: RHB Nick Ahmed 0-0: Ball
1-0: Ball
2-0: Ball
3-0: Called Strike
3-1: SINGLE (Flyball, 56D, EV 91.3 MPH)
Ryan Jeffers scores
Ramon Urias to second
Batting: RHB Trea Turner 0-0: Fielders Choice at 2nd, 6-4 (Groundball, 6, EV 92.5 MPH)
Ramon Urias to third
Batting: LHB Alex Verdugo 0-0: Swinging Strike
0-1: Called Strike
0-2: 3-RUN HOME RUN (Flyball, 89XD, EV 105.6 MPH), Distance : 393 ft
Pitching: LHP Blake Walston
Batting: LHB Anthony Rizzo 0-0: Swinging Strike
0-1: Ball
1-1: Ball
2-1: SINGLE (Line Drive, 9S, EV 85.0 MPH)
Batting: RHB Marcell Ozuna 0-0: Ball
1-0: Ball
2-0: Foul Ball, location: 9LSFF
2-1: Foul Ball, location: 2F
2-2: Strikes out swinging
Bottom of the 4th over - 4 runs, 5 hits, 0 errors, 1 left on base; Miami 2 - Los Angeles 7
TOP OF THE 5TH
Miami Marlins batting - Pitching for Los Angeles Dodgers : RHP Jose Berrios
Batting: RHB Salvador Perez 0-0: Ball
1-0: Called Strike
1-1: Swinging Strike
1-2: Ball
2-2: Strikes out swinging
Batting: RHB Jorge Mateo 0-0: Ball
1-0: Called Strike
1-1: Ball
2-1: Called Strike
2-2: Ball
3-2: SOLO HOME RUN (Flyball, 8RXD, EV 104.4 MPH), Distance : 416 ft
Batting: LHB Andres Gimenez 0-0: Called Strike
0-1: Called Strike
0-2: Strikes out swinging
Batting: RHB Ty France 0-0: Foul Ball, location: 2F
0-1: Ball
1-1: Foul Ball, location: 2F
1-2: SINGLE (Groundball, 56D, EV 107.5 MPH)
Batting: LHB Seth Brown 0-0: Foul Ball, location: 3FF
0-1: Called Strike
0-2: Strikes out swinging
Top of the 5th over - 1 run, 2 hits, 0 errors, 1 left on base; Miami 3 - Los Angeles 7
BOTTOM OF THE 5TH
Los Angeles Dodgers batting - Pitching for Miami Marlins : LHP Blake Walston
Batting: LHB Brandon Nimmo 0-0: Swinging Strike
0-1: Foul Ball, location: 5F
0-2: Ball
1-2: Strikes out swinging
Batting: RHB Ryan Jeffers 0-0: Ball
1-0: Called Strike
1-1: Ball
2-1: Ball
3-1: Foul Ball, location: 2F
3-2: Strikes out swinging
Batting: RHB Ramon Urias 0-0: Ball
1-0: Called Strike
1-1: Foul Ball, location: 23F
1-2: Strikes out looking
Bottom of the 5th over - 0 runs, 0 hits, 0 errors, 0 left on base; Miami 3 - Los Angeles 7
TOP OF THE 6TH
Miami Marlins batting - Pitching for Los Angeles Dodgers : RHP Jose Berrios
Batting: RHB Byron Buxton 0-0: Ball
1-0: SINGLE (Groundball, 4MD, EV 83.1 MPH)
Batting: RHB Mark Canha 0-0: Ball
1-0: DOUBLE (Flyball, 78XD, EV 103.8 MPH)
Byron Buxton to third
Batting: RHB Christian Arroyo 0-0: Ball
1-0: Fly out, F4 (Line Drive, 4M, EV 70.0 MPH)
Lined into DP, U4 (Line Drive, 4M, EV 70.0 MPH)
Batting: RHB Evan Longoria 0-0: Called Strike
0-1: SINGLE (Groundball, 4D, EV 100.0 MPH)
Byron Buxton scores
Batting: RHB Salvador Perez 0-0: Ball
Evan Longoria steals 2nd base
1-0: Fly out, F9 (Flyball, 9, EV 94.4 MPH)
Top of the 6th over - 1 run, 3 hits, 0 errors, 1 left on base; Miami 4 - Los Angeles 7
BOTTOM OF THE 6TH
Los Angeles Dodgers batting - Pitching for Miami Marlins : LHP Blake Walston
Batting: SHB Luis Rengifo 0-0: Ball
1-0: SINGLE (Line Drive, 7LS, EV 107.5 MPH)
Batting: RHB Nick Ahmed 0-0: Bunted foul
0-1: Bunted foul
0-2: Ball
1-2: Strikes out looking
Batting: RHB Trea Turner 0-0: Ball
1-0: Swinging Strike
1-1: Called Strike
1-2: Grounds into double play, 6-4-3 (Groundball, 6, EV 85.0 MPH)
Bottom of the 6th over - 0 runs, 1 hit, 0 errors, 0 left on base; Miami 4 - Los Angeles 7
TOP OF THE 7TH
Miami Marlins batting - Pitching for Los Angeles Dodgers : RHP Jose Berrios
Batting: RHB Jorge Mateo 0-0: Called Strike
0-1: Fly out, F8 (Flyball, 89D, EV 102.5 MPH)
Batting: LHB Andres Gimenez 0-0: Ball
1-0: SINGLE (Groundball, 6MD, EV 100.6 MPH)
Batting: RHB Ty France 0-0: Ball
1-0: Ball
Passed Ball!
Andres Gimenez to second
2-0: Fly out, F8 (Flyball, 8LD, EV 105.0 MPH)
Batting: LHB Seth Brown 0-0: SINGLE (Groundball, 34D, EV 97.5 MPH)
Andres Gimenez to third
Runner from 3rd tries for Home, SAFE, throw by RF to home
Pitching: RHP Enyel De Los Santos
Batting: RHB Byron Buxton 0-0: SINGLE (Groundball, 6D, EV 105.6 MPH)
Seth Brown to second
Batting: RHB Mark Canha 0-0: Called Strike
0-1: Hit by Pitch
Seth Brown to third
Byron Buxton to second
Batting: RHB Christian Arroyo 0-0: Called Strike
0-1: Ground out 1-3 (Groundball, 15S, EV 67.5 MPH)
Top of the 7th over - 1 run, 3 hits, 0 errors, 3 left on base; Miami 5 - Los Angeles 7
BOTTOM OF THE 7TH
Los Angeles Dodgers batting - Pitching for Miami Marlins : LHP Blake Walston
Batting: LHB Alex Verdugo 0-0: Called Strike
0-1: Foul Ball, location: 2F
0-2: Ball
1-2: Ball
2-2: Fly out, F9 (Line Drive, 9S, EV 107.5 MPH)
Batting: LHB Anthony Rizzo 0-0: SINGLE (Groundball, 34D, EV 108.1 MPH)
Pitching: RHP Yimi Garcia
Batting: RHB Marcell Ozuna 0-0: Ball
1-0: Ball
2-0: Grounds into double play, 6-4-3 (Groundball, 6, EV 82.5 MPH)
Bottom of the 7th over - 0 runs, 1 hit, 0 errors, 0 left on base; Miami 5 - Los Angeles 7
TOP OF THE 8TH
Miami Marlins batting - Pitching for Los Angeles Dodgers : RHP Enyel De Los Santos
Batting: RHB Evan Longoria 0-0: Called Strike
0-1: Foul Ball, location: 2F
0-2: Reached via error on a dropped throw from 1B, E1 (Groundball, 34S, EV 86.9 MPH)
Batting: RHB Salvador Perez 0-0: Ball
1-0: Ball
2-0: Called Strike
2-1: Foul Ball, location: 2F
2-2: Ball
3-2: Strikes out swinging
Batting: RHB Jorge Mateo 0-0: Ball
1-0: Fly out, F8 (Flyball, 8RD, EV 99.4 MPH)
Pitching: LHP Gabe Speier
Batting: LHB Andres Gimenez 0-0: TRIPLE (Line Drive, 89XD, EV 109.4 MPH)
Evan Longoria scores
Batting: RHB Ty France 0-0: Called Strike
0-1: Foul Ball, location: 3SF
0-2: Ball
1-2: Fly out, F8 (Flyball, 8LXD, EV 97.5 MPH)
Top of the 8th over - 1 run, 1 hit, 1 error, 1 left on base; Miami 6 - Los Angeles 7
BOTTOM OF THE 8TH
Los Angeles Dodgers batting - Pitching for Miami Marlins : RHP Yimi Garcia
Pitching: LHP Garrett Cleavinger
Batting: LHB Brandon Nimmo 0-0: Swinging Strike
0-1: Called Strike
0-2: Ball
1-2: Ball
2-2: Strikes out swinging
Batting: RHB Ryan Jeffers 0-0: Called Strike
0-1: Ball
1-1: Ball
2-1: Foul Ball, location: 9LMF
2-2: Ball
3-2: Fly out, F9 (Flyball, 9, EV 96.9 MPH)
Batting: RHB Ramon Urias 0-0: Ball
1-0: Called Strike
1-1: Ground out U3 (Groundball, 34S, EV 83.1 MPH)
Bottom of the 8th over - 0 runs, 0 hits, 0 errors, 0 left on base; Miami 6 - Los Angeles 7
TOP OF THE 9TH
Miami Marlins batting - Pitching for Los Angeles Dodgers : LHP Gabe Speier
Pitching: RHP Ryan Pressly
Batting: LHB Seth Brown 0-0: Called Strike
0-1: Fly out, F9 (Flyball, 9D, EV 100.6 MPH)
Batting: RHB Byron Buxton 0-0: Swinging Strike
0-1: Called Strike
0-2: Ball
1-2: Strikes out looking
Batting: RHB Mark Canha 0-0: DOUBLE (Flyball, 8LXD, EV 107.5 MPH)
Batting: RHB Christian Arroyo 0-0: Ball
1-0: Foul Ball, location: 2F
1-1: Foul Ball, location: 3F
1-2: Ball
2-2: Strikes out swinging
Top of the 9th over - 0 runs, 1 hit, 0 errors, 1 left on base; Miami 6 - Los Angeles 7
Tuesday, March 5th , 2024 - OOTP Baseball 24.11 Build 85